Map: Nightshade LE

Players

RiSky

  • Race: Zerg Zerg
  • Spawn Location: 5:00

PartinG - Winner!

  • Race: Protoss Protoss
  • League: Master
  • Spawn Location: 11:00

VOD

Have the link to the VOD?

Description

Time

  • Played on: Jan. 6, 2020, 9:12 p.m.
  • Length: 12:40
Show
View Real Time Build Order
Export as new Build Order

RiSky Zerg 

Build Orders: Hatch First 

Get SALT Encoding   

  12  0:00  Drone  
  13  0:12  Overlord  
  13  0:16  Drone  
  14  0:30  Drone x2  
  16  0:47  Hatchery  
  16  0:50  Drone  
  16  0:53  Drone  
  16  0:56  Drone  
  18  1:08  Extractor  
  17  1:12  Spawning Pool  
  17  1:15  Drone  
  17  1:18  Drone  
  18  1:27  Drone  
  19  1:39  Drone  
  20  1:48  Overlord  
  20  1:59  Queen x2  
  20  2:00  Zergling x4  
  26  2:10  Drone x2  
  26  2:13  Metabolic Boost  
  28  2:21  Drone x2  
  30  2:33  Hatchery  
  30  2:36  Drone  
  30  2:41  Drone  
  31  2:47  Queen  
  31  2:51  Overlord  
  33  2:53  Drone  
  33  2:57  Drone  
  33  2:58  Drone  
  36  3:09  Drone  
  36  3:10  Drone x2  
  36  3:12  Drone x2  
  41  3:17  Drone  
  41  3:19  Overlord  
  42  3:25  Drone  
  42  3:30  Drone  
  42  3:31  Roach Warren  
  42  3:36  Zergling x2  
  43  3:43  Drone  
  43  3:44  Queen  
  43  3:46  Drone  
  43  3:48  Overlord  
  47  3:50  Drone x2  
  49  3:57  Overlord  
  49  4:00  Extractor  
  49  4:01  Zergling x4  
  49  4:02  Overlord  
  50  4:06  Extractor, Overlord  
  49  4:15  Drone  
  49  4:18  Drone x2  
  49  4:19  Lair  
  49  4:24  Drone x2  
  53  4:31  Drone  
  53  4:32  Drone x8  
  62  4:41  Roach x2  
  66  4:47  Roach x2  
  66  4:49  Overlord  
  69  4:53  Roach  
  69  4:54  Roach  
  69  4:55  Overlord  
  69  4:57  Roach  
  75  5:00  Overlord  
  75  5:02  Overlord  
  75  5:03  Roach x2  
  75  5:05  Overlord  
  75  5:06  Drone  
  80  5:10  Evolution Chamber  
  79  5:17  Drone  
  79  5:18  Drone x2  
  79  5:19  Overseer, Drone x3  
  85  5:22  Glial Reconstitution  
  85  5:24  Drone  
  85  5:26  Drone  
  85  5:27  Drone, Queen  
  90  5:29  Drone  
  90  5:30  Zergling x4  
  90  5:34  Drone  
  93  5:39  Extractor  
  93  5:40  Extractor  
  93  5:41  Extractor  
  93  5:42  Drone  
  91  5:45  Drone  
  91  5:46  Spire  
  91  5:48  Zergling x2  
  92  5:50  Ravager  
  92  5:51  Roach  
  92  5:54  Ravager  
  92  5:55  Zergling x8  
  100  6:01  Roach x3  
  98  6:06  Roach  
  97  6:12  Roach  
  97  6:13  Roach x3  
  97  6:17  Ravager x2  
  107  6:19  Zergling x8  
  107  6:25  Zergling x4  
  111  6:27  Ravager  
  112  6:33  Hatchery  
  112  6:34  Roach, Overlord  
  112  6:41  Roach  
  112  6:46  Roach  
  111  6:53  Roach x2  
  112  7:00  Roach x2  
  107  7:04  Roach x2  
  107  7:05  Roach x3  
  107  7:06  Ravager x2  
  107  7:07  Hatchery  
  118  7:10  Roach  
  120  7:20  Zergling x4, Evolution Chamber  
  121  7:27  Zergling x2  
  121  7:29  Spire  
  118  7:31  Drone  
  118  7:32  Ravager  
  118  7:33  Drone  
  118  7:34  Zergling x6, Hatchery  
  124  7:44  Overlord x2  
  124  7:49  Overlord  
  124  7:57  Overlord  
  123  8:03  Zerg Missile Weapons Level 1  
  123  8:04  Baneling Nest  
  123  8:05  Roach x7  
  136  8:07  Ravager  
  136  8:08  Overlord  
  137  8:18  Roach x2  
  141  8:23  Roach  
  143  8:31  Ravager x3  
  143  8:32  Zergling x12  
  152  8:37  Zergling x6  
  155  8:46  Zergling x8  
  155  8:47  Ravager  
  155  8:48  Ravager  
  161  8:51  Centrifical Hooks  
  161  8:52  Overlord  
  161  8:54  Drone  
  162  8:58  Overlord  
  162  8:59  Overlord  
  162  9:01  Zergling x10  
  166  9:04  Infestation Pit  
  166  9:05  Zergling x4  
  166  9:06  Zergling x2  
  166  9:07  Baneling  
  166  9:08  Baneling x11  
  168  9:10  Zergling x2  
  168  9:12  Zergling x4  
  168  9:16  Zergling x2  
  168  9:17  Zergling x2  
  173  9:22  Zergling x4  
  175  9:32  Zergling x8  
  175  9:35  Drone x2  
  181  9:42  Hatchery  
  181  9:44  Ravager x4  
  184  9:50  Zergling x16  
  184  9:53  Zergling x2  
  184  9:55  Zergling x2  
  186  10:06  Baneling x19  
  183  10:13  Zergling x6  
  183  10:28  Overlord  
  183  10:32  Baneling  
  178  10:42  Zergling x22  
  185  10:44  Hatchery  
  185  10:45  Zergling x6  
  185  10:48  Baneling  
  185  10:49  Baneling x12  
  183  10:52  Zergling x2  
  183  10:56  Zergling x4  
  178  11:05  Zergling x4  
  178  11:09  Hive  
  180  11:18  Zergling x2  
  180  11:19  Zergling x6  
  169  11:38  Zergling x2  
  169  11:39  Zergling x18  
  141  11:41  Zergling x4  
  141  11:47  Zergling x6  
  139  11:49  Baneling  
  139  11:50  Baneling x7  
  139  11:53  Zergling x2  
  139  11:54  Zergling x4  
  137  11:59  Baneling x22  
  134  12:09  Zergling x6  
  134  12:10  Zergling x2  
  134  12:11  Zergling x2  
  139  12:17  Hatchery  
Show
View Real Time Build Order
Export as new Build Order

PartinG Protoss - Winner!

Build Orders: 1 Gate Expand, Chargelot Immortal 

Get SALT Encoding   

  12  0:01  Probe  
  13  0:13  Probe  
  14  0:18  Pylon  
  14  0:25  Probe (Chrono Boost)  
  15  0:37  Probe (Chrono Boost)  
  15  0:38  Gateway  
  16  0:46  Probe (Chrono Boost)  
  16  0:47  Assimilator  
  17  0:51  Probe  
  18  1:03  Probe  
  19  1:15  Probe  
  20  1:23  Nexus  
  20  1:33  Cybernetics Core  
  20  1:36  Probe  
  21  1:43  Assimilator  
  21  1:48  Probe  
  22  1:59  Pylon  
  22  2:00  Probe  
  23  2:10  Warp Gate  
  23  2:14  Adept (Chrono Boost)  
  23  2:17  Probe (Chrono Boost)  
  23  2:19  Robotics Facility  
  26  2:29  Probe (Chrono Boost)  
  27  2:36  Probe (Chrono Boost)  
  28  2:37  Stalker  
  28  2:41  Probe (Chrono Boost)  
  32  2:49  Probe (Chrono Boost)  
  32  2:51  Probe (Chrono Boost)  
  33  2:56  Probe x2 (Chrono Boost)  
  33  2:58  Gateway  
  35  3:07  Sentry, Warp Prism (Chrono Boost)  
  39  3:14  Probe  
  39  3:15  Probe  
  41  3:26  Pylon  
  41  3:27  Probe x2  
  41  3:29  Forge  
  43  3:36  Observer (Chrono Boost)  
  43  3:39  Probe x2  
  43  3:41  Assimilator  
  46  3:51  Probe x2, Immortal (Chrono Boost)  
  46  3:55  Pylon  
  52  3:57  Protoss Ground Weapons Level 1 (Chrono Boost)  
  52  4:00  Sentry  
  54  4:08  Pylon  
  54  4:13  Probe x2  
  56  4:20  Gateway x2  
  56  4:24  Gateway  
  56  4:31  Sentry  
  56  4:32  Sentry  
  56  4:36  Immortal (Chrono Boost)  
  64  4:56  Probe  
  64  4:57  Probe  
  64  4:58  Nexus  
  64  4:59  Pylon  
  66  5:00  Sentry, Observer  
  66  5:01  Sentry  
  66  5:06  Pylon  
  70  5:11  Pylon  
  70  5:17  Probe x2  
  72  5:24  Observer  
  72  5:25  Zealot x5  
  82  5:33  Probe x2  
  84  5:42  Twilight Council  
  84  5:44  Assimilator  
  84  5:46  Stalker x2  
  84  5:47  Stalker  
  89  6:04  Stalker x2  
  89  6:06  Observer (Chrono Boost)  
  89  6:10  Blink (Chrono Boost)  
  94  6:14  Zealot x3  
  94  6:15  Probe x3  
  103  6:24  Immortal (Chrono Boost)  
  103  6:27  Probe  
  103  6:28  Probe  
  109  6:35  Pylon  
  109  6:37  Pylon  
  109  6:44  Probe  
  109  6:45  Photon Cannon  
  108  6:53  Zealot  
  108  6:54  Zealot x4  
  115  7:01  Probe x3  
  115  7:05  Robotics Bay  
  117  7:09  Immortal  
  121  7:17  Stalker x2  
  121  7:19  Assimilator  
  121  7:21  Assimilator  
  125  7:24  Protoss Ground Weapons Level 2 (Chrono Boost), Pylon x2  
  125  7:33  Gateway  
  125  7:42  Probe  
  126  7:47  Charge (Chrono Boost), Stalker x4  
  126  7:49  Probe  
  135  7:52  Probe  
  135  7:56  Probe  
  135  7:58  Photon Cannon  
  137  8:06  Disruptor (Chrono Boost)  
  140  8:13  Pylon  
  140  8:14  Probe, Pylon  
  140  8:16  Pylon  
  141  8:28  Extended Thermal Lance (Chrono Boost)  
  141  8:30  Pylon  
  141  8:32  Colossus (Chrono Boost)  
  147  8:44  Pylon  
  147  8:45  Stalker x5  
  147  8:48  Stalker  
  159  8:53  Probe x2  
  159  8:54  Pylon  
  161  9:07  Nexus  
  161  9:16  Colossus (Chrono Boost)  
  165  9:32  Zealot x4  
  165  9:33  Zealot x2  
  177  9:50  Photon Cannon  
  177  9:51  Protoss Ground Weapons Level 3 (Chrono Boost)  
  177  9:52  Photon Cannon  
  177  9:53  Colossus (Chrono Boost)  
  177  9:54  Probe x3  
  177  9:56  Photon Cannon x2  
  186  10:16  Templar Archives  
  186  10:24  Stalker x2  
  186  10:25  Stalker x4  
  196  10:32  Gateway x2  
  184  10:49  Zealot  
  184  10:50  Zealot x5  
  185  11:11  Stalker x6  
  185  11:15  Assimilator  
  185  11:17  Assimilator  
  195  11:28  High Templar x2  
  168  11:43  Colossus  
  168  11:46  Stalker x2  
  168  11:47  Stalker x4  
  176  12:00  Stalker x2  
  180  12:11  Stalker x6  
  184  12:29  Stalker x2  
Tags
 
Add a new tag
Caveats
  • Supply blocks, unpowered buildings, or Contaminate may cause inaccurate times.
  • Supply counts are checked every 10 seconds.